 Dungeon Crawl Stone Soup version 0.31-a0-675-g238779eb0a (webtiles) character file.

Game seed: 4493020304458800570

460 qw the Shooter (level 7, -3/44 HPs)
             Began as a Gargoyle Hunter on Sept 5, 2023.
             Slain by Edmund
             ... wielding a +0 flail of protection
              (9 damage)
             ... on level 5 of the Dungeon.
             The game lasted 00:01:20 (3406 turns).

qw the Shooter (Gargoyle Hunter)                    Turns: 3406, Time: 00:01:21

Health: -3/44      AC: 11    Str: 14    XL:     7   Next: 7%
Magic:  7/7        EV: 11    Int: 10    God:
Gold:   116        SH:  0    Dex: 15    Spells: 6/6 levels left

rFire   . . .        Y - +1 shortbow
rCold   . . .        (shield currently unavailable)
rNeg    + . .        b - +0 ring mail
rPois   inf          a - +0 helmet {SInv}
rElec   +            (no cloak)
rCorr   .            (no gloves)
SInv    +            (no boots)
Will    .....        (no amulet)
Stlth   +            (no ring)
HPRegen 0.27/turn    (no ring)
MPRegen 0.10/turn

%: no passive effects
@: no status effects
A: sickness immunity, AC +4, negative energy resistance 1, electricity
resistance, torment resistance 1, petrification resistance
a: no special abilities


You were on level 5 of the Dungeon.
You visited 1 branch of the dungeon, and saw 5 of its levels.

You collected 116 gold pieces.


Innate Abilities, Weirdness & Mutations

You are immune to sickness and miasma.
Your stone body is resilient. (AC +4)
You are immune to poison.
You resist negative energy. (rN+)
You are resistant to electric shocks. (rElec)
You are resistant to unholy torment.
You are immune to petrification.


   Skills:
 - Level 4.5 Fighting
 + Level 7.0 Ranged Weapons
 - Level 1.9 Armour
 - Level 1.5 Dodging
 - Level 1.1 Stealth


You had 6 spell levels left.
You didn't know any spells.
Your spell library was empty.

Inventory:

Hand Weapons
 Y - a +1 shortbow (weapon)
Armour
 a - a +0 helmet of see invisible (worn)
 b - a +0 ring mail (worn)
Scrolls
 c - a scroll of identify
Potions
 e - a potion of heal wounds {unknown}
 f - a potion of curing {unknown}
 g - a potion of cancellation {unknown}
 h - a potion of resistance {unknown}
 i - a potion of lignification {unknown}

Dungeon Overview and Level Annotations

Branches:
Dungeon (5/15)
 Temple: D:4-7

Altars:
Ru

Annotations:
D:3 2 transporters
D:5 Edmund


Message History

You shoot an arrow. The arrow hits Edmund.
Edmund is moderately wounded.
Edmund hits you but does no damage.
You shoot an arrow.
The arrow hits Edmund but does no damage.
Edmund is moderately wounded.
Edmund hits you but does no damage.
Edmund hits you with a +0 flail of protection.
You shoot an arrow. The arrow hits Edmund.
Edmund is heavily wounded.
Edmund hits you with a +0 flail of protection!
You shoot an arrow. The arrow closely misses Edmund.
Edmund hits you with a +0 flail of protection.
You shoot an arrow. The arrow barely misses Edmund.
Edmund hits you with a +0 flail of protection.
You shoot an arrow.
The arrow hits Edmund but does no damage.
Edmund is heavily wounded.
Edmund hits you but does no damage.
You shoot an arrow.
The arrow hits Edmund but does no damage.
Edmund is heavily wounded.
Edmund hits you with a +0 flail of protection!
Edmund hits you with a +0 flail of protection.
You shoot an arrow. The arrow closely misses Edmund.
Edmund closely misses you.
You shoot an arrow.
The arrow hits Edmund but does no damage.
Edmund is heavily wounded.
Edmund says, "People think my brother is the best.
I think he's crazy."
Edmund hits you but does no damage.
You shoot an arrow. The arrow barely misses Edmund.
Edmund hits you with a +0 flail of protection.
You shoot an arrow. The arrow hits Edmund!
Edmund is severely wounded.
Edmund hits you but does no damage.
You shoot an arrow. The arrow completely misses Edmund.
Edmund hits you with a +0 flail of protection!
You die...
Edmund says, "I'd like to see a scythe do that!"

#....#
+....#
#....#
#....#
#....#
#...#
#...######
#<..>.....
+.@.......
#(@.....?.
#..##.##..
#..# #
.... .....
<....#
#....##


You could see Edmund.

Vanquished Creatures
  A water moccasin (D:3)
  2 scorpions (D:4)
  2 jellies
  Robin (D:2)
  5 adders
  2 worms
  4 dart slugs
  An orc (D:3)
  9 endoplasms
  5 giant cockroaches
  19 goblins
  11 hobgoblins
  7 jackals
  6 quokkas
  2 ball pythons
  7 bats
  4 frilled lizards
  7 kobolds
  8 rats
103 creatures vanquished.

Notes
Turn   | Place    | Note
-------+----------+-------------------------------------------
     0 | D:1      | qw the Gargoyle Hunter began the quest for the Orb.
     0 | D:1      | Reached XP level 1. HP: 12/12 MP: 1/1
     0 | D:1      | 0 ||| qw: Version: 0.3-a-75-g829b12e
     0 | D:1      | 0 ||| qw: Game counter: 207
     0 | D:1      | 0 ||| qw: Melee chars always use a shield: true
     0 | D:1      | 0 ||| qw: God list: Okawaru
     0 | D:1      | 0 ||| qw: Allow faded altars: false
     0 | D:1      | 0 ||| qw: Do Orc after clearing Dungeon:15 true
     0 | D:1      | 0 ||| qw: Do second Lair branch before Depths: true
     0 | D:1      | 0 ||| qw: Lair rune preference: random
     0 | D:1      | 0 ||| qw: Goals: Normal
     0 | D:1      | 0 ||| PLANNING D:1-11
   148 | D:1      | Reached XP level 2. HP: 17/17 MP: 2/2
   459 | D:1      | You fall into a shaft and drop 1 floor!
   517 | D:2      | Reached XP level 3. HP: 21/21 MP: 3/3
   579 | D:2      | 579 ||| UPGRADING to +0 helmet.
   584 | D:2      | 584 ||| READING scroll labelled NADDOL ILEJI.
   585 | D:2      | 585 ||| READING scroll labelled NOUWOA EBEU.
   586 | D:2      | 586 ||| READING scroll labelled YKHOFI OREAKEY.
   587 | D:2      | 587 ||| DROPPING scroll of butterflies.
   591 | D:2      | 591 ||| FLEEEEING.
   595 | D:2      | 595 ||| STAIRDANCE
   666 | D:1      | Reached skill level 5 in Ranged Weapons
  1005 | D:1      | 1005 ||| READING scroll labelled VOUXEY QAUQAG.
  1046 | D:2      | Noticed Robin
  1047 | D:2      | 1047 ||| Stepping ~*~*~tactically~*~*~ (outnumbered).
  1057 | D:2      | Reached skill level 3 in Fighting
  1074 | D:2      | Killed Robin
  1075 | D:2      | Reached XP level 4. HP: 22/28 MP: 4/4
  1618 | D:2      | 1618 ||| UPGRADING to +0 helmet of see invisible.
  1628 | D:2      | 1628 ||| UPGRADING to +0 ring mail.
  1638 | D:2      | 1638 ||| DROPPING +0 leather armour.
  1639 | D:2      | 1639 ||| DROPPING +0 helmet.
  1640 | D:2      | 1640 ||| READING scroll labelled GYCKAV ZAUT.
  1668 | D:3      | Found a faded altar of an unknown god.
  1670 | D:3      | 1670 ||| STAIRDANCE
  1676 | D:3      | 1676 ||| STAIRDANCE
  1692 | D:3      | Noticed a water moccasin
  1693 | D:3      | 1693 ||| RETREATING.
  1695 | D:3      | 1695 ||| RETREATING.
  1697 | D:3      | 1697 ||| RETREATING.
  1702 | D:3      | Reached skill level 1 in Armour
  1708 | D:3      | Killed a water moccasin
  1709 | D:3      | Reached skill level 6 in Ranged Weapons
  1709 | D:3      | Reached XP level 5. HP: 20/32 MP: 5/5
  1912 | D:3      | Found a transporter.
  2048 | D:3      | Reached XP level 6. HP: 37/37 MP: 6/6
  2328 | D:3      | 2328 ||| FLEEEEING.
  2329 | D:3      | 2329 ||| FLEEEEING.
  2330 | D:3      | 2330 ||| FLEEEEING.
  2331 | D:3      | 2331 ||| FLEEEEING.
  2376 | D:3      | Found a transporter.
  2968 | D:4      | Reached XP level 7. HP: 44/44 MP: 7/7
  3102 | D:4      | Reached skill level 7 in Ranged Weapons
  3270 | D:4      | Found a sacrificial altar of Ru.
  3357 | D:4      | 3357 ||| READING scroll labelled LADAGIR ZISK.
  3362 | D:4      | 3362 ||| READING scroll labelled NOIRHI ENOUMN.
  3363 | D:4      | 3363 ||| READING 2 scrolls of identify.
  3363 | D:4      | 3363 ||| IDENTIFYING fizzy yellow potion
  3364 | D:4      | 3364 ||| DROPPING potion of brilliance.
  3383 | D:5      | Entered Level 5 of the Dungeon
  3384 | D:5      | Noticed Edmund
  3401 | D:5      | HP: 10/44 [Edmund/+0 flail of protection (5)]
  3406 | D:5      | Slain by Edmund

Levels and vault maps discovered:
D:1:      amcnicky_arrival_gap_in_the_tavern_cellar, layout_basic
D:2:      layout_loops_ring, minmay_misc_feat_ornament, uniq_robin
D:3:      gammafunk_wand_slinger, layout_basic, nicolae_ecumenical_pavilion,
          st_stairs_7, chequers_arboretum
D:4:      layout_loops_ring, nicolae_ru_the_path_less_chosen
D:5:      layout_gridville, minmay_manual_moon, uniq_edmund

Skill      XL: |  1  2  3  4  5  6  7 |
---------------+----------------------+-----
Ranged Weapons | 5 6 7 |  7.0
Fighting       | 3 4 |  4.5
Armour         | 1 |  1.9
Dodging        | |  1.5
Stealth        | |  1.1

Action                     |  1- 3 |  4- 6 |  7- 9 || total
---------------------------+-------+-------+-------++-------
   Fire: Shortbow          |   138 |   148 |    47 ||   333
    Use: Scroll            |     4 |     1 |     3 ||     8
 Armour: Leather armour    |    44 |     9 |       ||    53
         Ring mail         |       |    26 |    19 ||    45
  Dodge: Dodged            |    37 |    30 |     6 ||    73

Table legend:
 A = Non-vault XP
 B = Vault XP
 C = Vault XP percentage of total XP
 D = Non-vault monster count
 E = Vault monster count
 F = Vault count percentage of total count
                 A         B        C        D         E       F
            +---------+---------+-------+---------+---------+-------
      Total |     618 |      40 |   6.1 |      89 |      14 |  13.6
            +---------+---------+-------+---------+---------+-------
        D:1 |      34 |       0 |   0.0 |      22 |       0 |   0.0
        D:2 |      44 |      37 |  45.7 |      23 |      12 |  34.3
        D:3 |     247 |       3 |   1.2 |      22 |       2 |   8.3
        D:4 |     293 |       0 |   0.0 |      22 |       0 |   0.0
            +---------+---------+-------+---------+---------+-------
